Influenza vs River Rats
Created - 17 mars 2014 at 19:05
Goals
|
| Influenza |
0 |
2 |
0 |
0 |
1 |
3 |
| River Rats |
0 |
1 |
1 |
0 |
0 |
2 |
|
Shots
|
| Influenza |
10 |
12 |
12 |
2 |
3 |
36 |
| River Rats |
4 |
12 |
16 |
0 |
3 |
32 |
|
1st period
No Goal
Penalties :
Justin Abdelkader (VJB) for Tripping (Minor) at 1:12
2nd period
1. Influenza , Martins Karsums 25 (Ryan Carter, Blake Comeau) at 12:26
2. Influenza , Martins Karsums 26 (Ryan Carter, Robbie Earl) at 12:46
3. River Rats , Tyler Bozak 42 (Niklas Sundstrom) at 12:52
Penalties :
Tyler Bozak (Alb) for Roughing (Minor) at 0:19, Blake Comeau (VJB) for Interference (Minor) at 8:11
3rd period
4. River Rats , Niklas Sundstrom 35 (Bryan Rodney) at 2:27
Penalties :
Justin Abdelkader (VJB) for Hooking (Minor) at 4:42, Justin Abdelkader (VJB) for Roughing (Minor) at 9:16, Ryan Vesce (VJB) for Tripping (Minor) at 19:09
Overtime #1
No Goal
Penalties :
No Penalty
Shootout
Penalty Shot by Blake Comeau for Influenza - Stopped by Adam Munro
Penalty Shot by Mikkel Boedker for River Rats - Shot Misses the Net
Penalty Shot by Rob Schremp for Influenza - Goal!
Penalty Shot by Sergei Kostitsyn for River Rats - Stopped by Brent Krahn
Penalty Shot by Justin Abdelkader for Influenza - Stopped by Adam Munro
Penalty Shot by Peter Mueller for River Rats - Shot Misses the Net
Penalties :
No Penalty
Goalie Stats
Brent Krahn (VJB), 30 saves from 32 shots - (0,938), W, 23-16-7, 65:00 minutes
Adam Munro (Alb), 34 saves from 36 shots - (0,944), OTL, 23-13-5, 65:00 minutes
Players Stats for Influenza
Player Name G A P +/- PIM S H SB GA TA FO MP PP MP PK MP
------------------------------------------------------------------------------------
Alexander Sulzer 0 0 0 -2 0 2 0 4 0 0 0/0 20:12 0:45 3:37
Ben Smith 0 0 0 0 0 1 2 0 0 1 1/1 7:02 0:00 0:00
Blake Comeau 0 1 1 -1 2 4 0 0 1 1 6/8 24:23 0:59 4:16
Brian Salcido 0 0 0 0 0 0 0 0 0 0 0/0 11:31 0:00 0:00
Carl Gunnarsson 0 0 0 0 0 1 0 1 0 1 0/0 11:31 0:00 0:00
Cody McCormick 0 0 0 0 0 1 1 0 0 0 2/5 12:37 0:00 4:29
Colin McDonald 0 0 0 0 0 0 0 0 0 0 0/0 0:23 0:07 0:00
Jaime Sifers 0 0 0 1 0 3 2 1 0 0 0/0 27:34 1:14 6:18
Jamie McBain 0 0 0 -2 0 3 1 2 1 0 0/0 20:12 0:45 3:37
Jeff Halpern 0 0 0 0 0 2 1 0 0 0 3/8 13:46 0:07 1:06
Jeff May 0 0 0 0 0 0 0 0 0 0 0/0 0:00 0:00 0:00
Jeff Petry 0 0 0 1 0 0 0 0 0 0 0/0 5:43 0:00 0:00
Justin Abdelkader 0 0 0 -1 6 4 3 1 0 0 0/0 21:07 0:59 0:50
Marek Zagrapan 0 0 0 0 0 0 0 0 0 0 0/0 0:00 0:00 0:00
Martins Karsums 2 0 2 1 0 2 2 0 0 0 0/0 13:40 0:53 0:00
Noah Welch 0 0 0 1 0 2 2 0 0 0 0/0 27:34 1:14 6:18
Oskars Bartulis 0 0 0 1 0 0 0 0 0 0 0/0 5:43 0:00 0:00
Pierre-Cédric Labrie 0 0 0 0 0 0 1 0 0 1 0/0 11:04 0:00 0:00
Rob Schremp 0 0 0 -1 0 7 3 0 0 2 12/22 25:14 0:59 4:44
Robbie Earl 0 1 1 1 0 0 0 0 0 0 1/2 14:24 0:53 0:41
Ryan Carter 0 2 2 1 0 1 3 0 0 0 3/10 16:33 0:53 2:35
Ryan Russell 0 0 0 0 0 0 0 0 0 0 0/0 7:02 0:00 0:00
Ryan Vesce 0 0 0 0 2 3 0 0 1 0 0/0 12:45 0:07 0:00
Timothy Kunes 0 0 0 0 0 0 0 0 0 0 0/0 0:00 0:00 0:00
Zac Dalpe 0 0 0 0 0 0 0 0 0 0 0/0 0:00 0:00 0:00
Players Stats for River Rats
Player Name G A P +/- PIM S H SB GA TA FO MP PP MP PK MP
------------------------------------------------------------------------------------
Andy Greene 0 0 0 1 0 2 3 2 3 1 0/0 28:24 6:32 1:09
Brett Maclean 0 0 0 1 0 3 2 0 0 0 1/4 17:39 0:01 0:00
Bryan Rodney 0 1 1 -1 0 1 0 0 0 0 0/0 22:55 3:56 0:00
Chris Mcallister 0 0 0 -1 0 0 1 0 0 0 0/0 9:52 0:21 0:00
Dustin Boyd 0 0 0 0 0 4 1 0 1 0 9/18 20:48 5:43 0:30
James Van Riemsdyk 0 0 0 0 0 1 4 1 0 0 0/0 20:35 5:43 0:33
Jamie Arniel 0 0 0 -1 0 0 1 0 0 0 4/4 8:59 0:00 0:56
Matt Jones 0 0 0 -1 0 2 1 2 0 0 0/0 21:43 2:52 0:50
Mikkel Boedker 0 0 0 0 0 6 2 0 0 0 1/2 18:14 3:02 0:30
Niklas Sundstrom 1 1 2 1 0 4 2 0 2 0 1/2 22:53 5:23 0:00
Nolan Pratt 0 0 0 0 0 0 0 1 0 0 0/0 17:55 2:07 0:50
Pavel Valentenko 0 0 0 0 0 0 0 0 0 0 0/0 4:54 0:00 0:00
Peter Mueller 0 0 0 0 0 3 2 1 0 0 3/7 15:31 3:02 0:00
Roman Josi 0 0 0 1 0 1 0 1 0 0 0/0 22:25 0:00 0:00
Sergei Kostitsyn 0 0 0 0 0 0 1 0 0 1 0/0 14:20 3:02 0:33
Steve Quailer 0 0 0 -1 0 1 1 0 0 0 0/0 8:59 0:00 0:56
Tomas Kubalik 0 0 0 0 0 0 2 0 0 1 1/1 11:51 0:01 0:00
Tyler Bozak 1 0 1 1 2 3 5 1 0 0 8/18 18:19 0:00 0:00
Tyler Myers 0 0 0 0 0 1 1 1 0 0 0/0 11:44 2:05 1:09
3 Stars
1 - Martins Karsums (VJB)
2 - Niklas Sundstrom (Alb)
3 - Ryan Carter (VJB)
Power Play
Influenza - 0 on 1 Attempt(s) - 0,00%
River Rats - 0 on 5 Attempt(s) - 0,00%
Penalty Kill
Influenza - 5 on 5 Attempt(s) - 100,00%
- Score 0 goal in Penalty Kill
River Rats - 1 on 1 Attempt(s) - 100,00%
- Score 0 goal in Penalty Kill
Official
Referees : McCreary Bill and Devorski Paul
Linesman : Brad Kovachik and Pierre Champoux
Game Notes
Tyler Myers is injured at 11:16 of 2nd period (Lower Body)
Finance
Level 1 -- Attendance: 1520 (76,00%) -- Ticket Income 53 200 $
Level 2 -- Attendance: 757 (75,70%) -- Ticket Income 11 355 $
Total Attendance: 2277 (75,90%)
Total Ticket Income: 64 555 $
Other Income: 3 228 $
Total Income: 67 783 $
Influenza
5 vs 5 Forward
Center Left Wing Right Wing Time % Phy DF OF
1 Rob Schremp Justin Abdelkader Blake Comeau 40 1 2 2
2 Ryan Carter Robbie Earl Martins Karsums 30 1 2 2
3 Jeff Halpern Pierre-Cédric Labrie Ryan Vesce 20 1 2 2
4 Cody McCormick Ryan Russell Ben Smith 10 1 2 2
5 vs 5 Defense
Defense Defense Time % Phy DF OF
1 Noah Welch Jaime Sifers 40 1 2 2
2 Jamie McBain Alexander Sulzer 30 1 2 2
3 Carl Gunnarsson Brian Salcido 20 1 2 2
4 Jeff Petry Oskars Bartulis 10 1 2 2
PowerPlay Forward
Center Left Wing Right Wing Time % Phy DF OF
1 Rob Schremp Justin Abdelkader Blake Comeau 60 1 2 2
2 Ryan Carter Robbie Earl Martins Karsums 40 1 2 2
PowerPlay Defense
Defense Defense Time % Phy DF OF
1 Noah Welch Jaime Sifers 60 1 2 2
2 Jamie McBain Alexander Sulzer 40 1 2 2
Penalty Kill 4 Players Forward
Center Wing Time % Phy DF OF
1 Blake Comeau Rob Schremp 60 1 2 2
2 Justin Abdelkader Ryan Carter 40 1 2 2
Penalty Kill 4 Players Defense
Defense Defense Time % Phy DF OF
1 Noah Welch Jaime Sifers 60 1 2 2
2 Jamie McBain Alexander Sulzer 40 1 2 2
Penalty Kill - 3 Players Forward
Forward Time % Phy DF OF
1 Blake Comeau 60 1 2 2
2 Rob Schremp 40 1 2 2
Penalty Kill - 3 Players Defense
Defense Defense Time % Phy DF OF
1 Noah Welch Jaime Sifers 60 1 2 2
2 Jamie McBain Alexander Sulzer 40 1 2 2
4 vs 4 Forward
Center Wing Time % Phy DF OF
1 Blake Comeau Rob Schremp 60 1 2 2
2 Justin Abdelkader Ryan Carter 40 1 2 2
4 vs 4 Defense
Defense Defense Time % Phy DF OF
1 Noah Welch Jaime Sifers 60 1 2 2
2 Jamie McBain Alexander Sulzer 40 1 2 2
Last Minutes Offensive
Center Left Wing Right Wing Defense Defense
Rob Schremp Justin Abdelkader Blake Comeau Noah Welch Jaime Sifers
Last Minutes Defensive
Center Left Wing Right Wing Defense Defense
Rob Schremp Justin Abdelkader Blake Comeau Noah Welch Jaime Sifers
Goaltenders
Starting : Brent Krahn
Backup : Alex Stalock
Extra Forwards
Normal : Jeff Halpern, Ryan Vesce, Cody McCormick - PP : Jeff Halpern, Ryan Vesce - PK : Cody McCormick
Extra Defensemen
Normal : Carl Gunnarsson, Brian Salcido, Jeff Petry - PP : Carl Gunnarsson - PK : Brian Salcido, Jeff Petry
Penalty Shots
Blake Comeau, Rob Schremp, Justin Abdelkader, Ryan Carter, Jeff Halpern
River Rats
5 vs 5 Forward
Center Left Wing Right Wing Time % Phy DF OF
1 Tyler Bozak Brett Maclean Niklas Sundstrom 40 1 2 2
2 Dustin Boyd James Van Riemsdyk Mikkel Boedker 30 1 2 2
3 Peter Mueller Sergei Kostitsyn Tomas Kubalik 20 1 2 2
4 Jamie Arniel Chris Mcallister Steve Quailer 10 1 2 2
5 vs 5 Defense
Defense Defense Time % Phy DF OF
1 Andy Greene Tyler Myers 40 1 2 2
2 Bryan Rodney Matt Jones 30 1 2 2
3 Nolan Pratt Roman Josi 20 1 2 2
4 Pavel Valentenko Roman Josi 10 1 2 2
PowerPlay Forward
Center Left Wing Right Wing Time % Phy DF OF
1 Dustin Boyd James Van Riemsdyk Niklas Sundstrom 60 1 2 2
2 Peter Mueller Sergei Kostitsyn Mikkel Boedker 40 1 2 2
PowerPlay Defense
Defense Defense Time % Phy DF OF
1 Tyler Myers Andy Greene 60 1 2 2
2 Nolan Pratt Matt Jones 40 1 2 2
Penalty Kill 4 Players Forward
Center Wing Time % Phy DF OF
1 Jamie Arniel Steve Quailer 60 1 2 2
2 Dustin Boyd Mikkel Boedker 40 1 2 2
Penalty Kill 4 Players Defense
Defense Defense Time % Phy DF OF
1 Andy Greene Tyler Myers 60 1 2 2
2 Nolan Pratt Matt Jones 40 1 2 2
Penalty Kill - 3 Players Forward
Forward Time % Phy DF OF
1 Dustin Boyd 60 1 2 2
2 Jamie Arniel 40 1 2 2
Penalty Kill - 3 Players Defense
Defense Defense Time % Phy DF OF
1 Andy Greene Nolan Pratt 60 1 2 2
2 Tyler Myers Matt Jones 40 1 2 2
4 vs 4 Forward
Center Wing Time % Phy DF OF
1 Dustin Boyd Mikkel Boedker 60 1 2 2
2 Tyler Bozak James Van Riemsdyk 40 1 2 2
4 vs 4 Defense
Defense Defense Time % Phy DF OF
1 Andy Greene Tyler Myers 60 1 2 2
2 Nolan Pratt Matt Jones 40 1 2 2
Last Minutes Offensive
Center Left Wing Right Wing Defense Defense
Tyler Bozak Chris Mcallister Niklas Sundstrom Andy Greene Matt Jones
Last Minutes Defensive
Center Left Wing Right Wing Defense Defense
Tyler Bozak Sergei Kostitsyn Niklas Sundstrom Andy Greene Nolan Pratt
Goaltenders
Starting : Adam Munro
Backup : Braden Holtby
Extra Forwards
Normal : Peter Mueller, James Van Riemsdyk, Tomas Kubalik - PP : Chris Mcallister, James Van Riemsdyk - PK : Sergei Kostitsyn
Extra Defensemen
Normal : Tyler Myers, Roman Josi, Bryan Rodney - PP : Tyler Myers - PK : Roman Josi, Bryan Rodney
Penalty Shots
Mikkel Boedker, Sergei Kostitsyn, Peter Mueller, Tyler Bozak, James Van Riemsdyk
% Time on Ice - Influenza
Lines # - Real PCT - Wanted PCT - Time Play
Normal Forward
1 - 37% - 40% - 18:22
2 - 26% - 30% - 12:47
3 - 22% - 20% - 11:04
4 - 14% - 10% - 7:02
Normal Defense
1 - 38% - 40% - 18:40
2 - 29% - 30% - 14:05
3 - 22% - 20% - 10:47
4 - 12% - 10% - 5:43
PP Forward
1 - 55% - 60% - 1:06
2 - 45% - 40% - 0:53
PP Defense
1 - 62% - 60% - 1:14
2 - 38% - 40% - 0:45
PK Forward
1 - 71% - 60% - 6:11
2 - 29% - 40% - 2:35
PK Defense
1 - 63% - 60% - 5:30
2 - 37% - 40% - 3:16
PK3 Forward
1 - 94% - 60% - 1:05
2 - 6% - 40% - 0:04
PK3 Defense
1 - 70% - 60% - 0:48
2 - 30% - 40% - 0:21
44 Forward
1 - 84% - 60% - 3:14
2 - 16% - 40% - 0:37
44 Defense
1 - 55% - 60% - 2:06
2 - 45% - 40% - 1:45
Last Minute Offensive - 0:00
Last Minute Defensive - 0:00
Total
Forward - 65:00
Defense - 65:00
|
% Time on Ice - River Rats
Lines # - Real PCT - Wanted PCT - Time Play
Normal Forward
1 - 36% - 40% - 17:58
2 - 24% - 30% - 11:51
3 - 23% - 20% - 11:11
4 - 17% - 10% - 8:15
Normal Defense
1 - 40% - 40% - 19:47
2 - 30% - 30% - 14:48
3 - 22% - 20% - 10:44
4 - 8% - 10% - 3:56
PP Forward
1 - 65% - 60% - 5:44
2 - 35% - 40% - 3:02
PP Defense
1 - 67% - 60% - 5:54
2 - 33% - 40% - 2:52
PK Forward
1 - 75% - 60% - 1:29
2 - 25% - 40% - 0:30
PK Defense
1 - 58% - 60% - 1:09
2 - 42% - 40% - 0:50
PK3 Forward
1 - 0% - 60%
2 - 0% - 40%
PK3 Defense
1 - 0% - 60%
2 - 0% - 40%
44 Forward
1 - 95% - 60% - 4:45
2 - 5% - 40% - 0:15
44 Defense
1 - 87% - 60% - 4:21
2 - 13% - 40% - 0:39
Last Minute Offensive - 0:00
Last Minute Defensive - 0:00
Total
Forward - 65:00
Defense - 65:00
|
Play by Play
1st period
0:01 of 1st period - Rob Schremp wins face-off versus Tyler Bozak in neutral zone.
0:33 of 1st period - Robbie Earl is hit by James Van Riemsdyk and loses puck.
0:47 of 1st period - Icing by Noah Welch.
0:48 of 1st period - Tomas Kubalik wins face-off versus Jeff Halpern in Influenza zone.
1:12 of 1st period - Minor Penalty to Justin Abdelkader for Tripping.
1:13 of 1st period - Dustin Boyd wins face-off versus Blake Comeau in Influenza zone.
1:36 of 1st period - Tyler Myers is hit by Ryan Carter and loses puck.
2:01 of 1st period - Wrist shot by Dustin Boyd.
2:01 of 1st period - Shot Misses the Net.
2:03 of 1st period - Slapshot by Andy Greene.
2:03 of 1st period - Shot Misses the Net.
2:31 of 1st period - Jaime Sifers is hit by Niklas Sundstrom.
3:12 of 1st period - Penalty to Justin Abdelkader is over, Justin Abdelkader is back on ice.
3:59 of 1st period - Snap shot by Dustin Boyd.
3:59 of 1st period - Shot Misses the Net.
4:09 of 1st period - Snap shot by Dustin Boyd.
4:09 of 1st period - Stopped by Brent Krahn without a rebound.
4:10 of 1st period - Rob Schremp wins face-off versus Peter Mueller in Influenza zone.
4:17 of 1st period - Snap shot by Blake Comeau.
4:17 of 1st period - Stopped by Adam Munro with a rebound.
4:19 of 1st period - Wrist shot by Blake Comeau.
4:19 of 1st period - Shot Blocked by Nolan Pratt.
5:32 of 1st period - Snap shot by Jamie McBain.
5:32 of 1st period - Stopped by Adam Munro with a rebound.
6:56 of 1st period - Backhand shot by Blake Comeau.
6:56 of 1st period - Shot Misses the Net.
7:25 of 1st period - Icing by Jeff Halpern.
7:26 of 1st period - Tyler Bozak wins face-off versus Jeff Halpern in Influenza zone.
8:03 of 1st period - Wrist shot by Blake Comeau.
8:03 of 1st period - Deflect By Rob Schremp.
8:03 of 1st period - Shot Misses the Net.
8:03 of 1st period - Puck is out of play.
8:04 of 1st period - Peter Mueller wins face-off versus Robbie Earl in River Rats zone.
8:04 of 1st period - Peter Mueller is hit by Jaime Sifers.
8:30 of 1st period - Blake Comeau is hit by Andy Greene and loses puck.
9:11 of 1st period - Snap shot by Brett Maclean.
9:11 of 1st period - Shot Misses the Net.
9:25 of 1st period - Nolan Pratt is hit by Jamie McBain and loses puck.
10:00 of 1st period - Wrist shot by Jeff Halpern.
10:00 of 1st period - Shot Misses the Net.
10:02 of 1st period - Snap shot by Jeff Halpern.
10:02 of 1st period - Stopped by Adam Munro without a rebound.
10:03 of 1st period - Jeff Halpern wins face-off versus Brett Maclean in River Rats zone.
10:26 of 1st period - Blake Comeau is hit by Tyler Myers and loses puck.
10:51 of 1st period - Slapshot by Jamie McBain.
10:51 of 1st period - Stopped by Adam Munro with a rebound.
10:53 of 1st period - Snap shot by Alexander Sulzer.
10:53 of 1st period - Stopped by Adam Munro with a rebound.
10:55 of 1st period - Wrist shot by Ryan Carter.
10:55 of 1st period - Shot Misses the Net.
10:57 of 1st period - Snap shot by Robbie Earl.
10:57 of 1st period - Shot Misses the Net.
11:36 of 1st period - Wrist shot by Mikkel Boedker.
11:36 of 1st period - Stopped by Brent Krahn without a rebound.
11:37 of 1st period - Rob Schremp wins face-off versus Tyler Bozak in Influenza zone.
12:24 of 1st period - Snap shot by Chris Mcallister.
12:24 of 1st period - Shot Misses the Net.
12:26 of 1st period - Snap shot by Tyler Myers.
12:26 of 1st period - Stopped by Brent Krahn with a rebound.
12:50 of 1st period - Robbie Earl is hit by Andy Greene and loses puck.
13:01 of 1st period - Ryan Carter is hit by Matt Jones and loses puck.
13:11 of 1st period - Off-side.
13:12 of 1st period - Peter Mueller wins face-off versus Rob Schremp in neutral zone.
13:39 of 1st period - Mikkel Boedker is hit by Jaime Sifers and loses puck.
14:45 of 1st period - Jamie Arniel is hit by Justin Abdelkader and loses puck.
15:04 of 1st period - Ben Smith is hit by James Van Riemsdyk and loses puck.
15:11 of 1st period - Snap shot by Mikkel Boedker.
15:11 of 1st period - Stopped by Brent Krahn with a rebound.
15:13 of 1st period - Slapshot by Andy Greene.
15:13 of 1st period - Shot Misses the Net.
15:54 of 1st period - Icing by Cody McCormick.
15:55 of 1st period - Tyler Bozak wins face-off versus Cody McCormick in Influenza zone.
15:58 of 1st period - Slapshot by Niklas Sundstrom.
15:58 of 1st period - Deflect By Brett Maclean.
15:58 of 1st period - Shot Misses the Net.
15:58 of 1st period - Puck is out of play.
15:59 of 1st period - Tyler Bozak wins face-off versus Cody McCormick in Influenza zone.
16:24 of 1st period - Matt Jones is hit by Justin Abdelkader and loses puck.
16:41 of 1st period - Wrist shot by Tomas Kubalik.
16:41 of 1st period - Shot Blocked by Alexander Sulzer.
17:13 of 1st period - Jeff Halpern is hit by Tyler Bozak and loses puck.
17:24 of 1st period - Mikkel Boedker is hit by Justin Abdelkader and loses puck.
17:46 of 1st period - Rob Schremp is hit by Jamie Arniel and loses puck.
17:59 of 1st period - Snap shot by Rob Schremp.
17:59 of 1st period - Shot Misses the Net.
18:01 of 1st period - Slapshot by Justin Abdelkader.
18:01 of 1st period - Stopped by Adam Munro without a rebound.
18:02 of 1st period - Ryan Carter wins face-off versus Tyler Bozak in River Rats zone.
18:09 of 1st period - Snap shot by Ryan Carter.
18:09 of 1st period - Shot Blocked by Andy Greene.
18:11 of 1st period - Snap shot by Robbie Earl.
18:11 of 1st period - Shot Misses the Net.
18:13 of 1st period - Slapshot by Robbie Earl.
18:13 of 1st period - Deflect By Brett Maclean.
18:13 of 1st period - Shot Misses the Net.
18:13 of 1st period - Puck is out of play.
18:14 of 1st period - Dustin Boyd wins face-off versus Ryan Carter in River Rats zone.
19:03 of 1st period - Snap shot by Justin Abdelkader.
19:03 of 1st period - Stopped by Adam Munro without a rebound.
19:04 of 1st period - Peter Mueller wins face-off versus Rob Schremp in River Rats zone.
19:13 of 1st period - Snap shot by Peter Mueller.
19:13 of 1st period - Shot Blocked by Justin Abdelkader.
19:32 of 1st period - Snap shot by Cody McCormick.
19:32 of 1st period - Shot Misses the Net.
19:34 of 1st period - Slapshot by Jaime Sifers.
19:34 of 1st period - Stopped by Adam Munro with a rebound.
19:36 of 1st period - Snap shot by Cody McCormick.
19:36 of 1st period - Stopped by Adam Munro with a rebound.
19:38 of 1st period - Snap shot by Cody McCormick.
19:38 of 1st period - Shot Misses the Net.
19:40 of 1st period - Backhand shot by Noah Welch.
19:40 of 1st period - Deflect By Peter Mueller.
19:40 of 1st period - Stopped by Adam Munro with a rebound.
Goals for this period are 0 for Influenza vs 0 for River Rats.
Shots for this period are 10 for Influenza vs 4 for River Rats.
2nd period
0:01 of 2nd period - Tyler Bozak wins face-off versus Rob Schremp in neutral zone.
0:19 of 2nd period - Minor Penalty to Tyler Bozak for Roughing.
0:20 of 2nd period - Jamie Arniel wins face-off versus Rob Schremp in River Rats zone.
1:37 of 2nd period - Snap shot by Dustin Boyd.
1:37 of 2nd period - Shot Blocked by Jamie McBain.
2:19 of 2nd period - Penalty to Tyler Bozak is over, Tyler Bozak is back on ice.
2:28 of 2nd period - Snap shot by Tyler Bozak.
2:28 of 2nd period - Deflect By Niklas Sundstrom.
2:28 of 2nd period - Stopped by Brent Krahn with a rebound.
2:30 of 2nd period - Snap shot by Niklas Sundstrom.
2:30 of 2nd period - Shot Misses the Net.
2:32 of 2nd period - Snap shot by Niklas Sundstrom.
2:32 of 2nd period - Shot Misses the Net.
2:34 of 2nd period - Snap shot by Tyler Bozak.
2:34 of 2nd period - Deflect By Niklas Sundstrom.
2:34 of 2nd period - Shot Misses the Net.
2:34 of 2nd period - Puck is out of play.
2:35 of 2nd period - Ben Smith wins face-off versus Dustin Boyd in Influenza zone.
2:42 of 2nd period - Wrist shot by Ben Smith.
2:42 of 2nd period - Stopped by Adam Munro with a rebound.
2:44 of 2nd period - Wrist shot by Cody McCormick.
2:44 of 2nd period - Shot Misses the Net.
2:46 of 2nd period - Slapshot by Ryan Russell.
2:46 of 2nd period - Deflect By Mikkel Boedker.
2:46 of 2nd period - Shot Misses the Net.
2:46 of 2nd period - Puck is out of play.
2:47 of 2nd period - Dustin Boyd wins face-off versus Rob Schremp in River Rats zone.
3:26 of 2nd period - Snap shot by Mikkel Boedker.
3:26 of 2nd period - Stopped by Brent Krahn with a rebound.
3:49 of 2nd period - Backhand shot by Jeff Halpern.
3:49 of 2nd period - Deflect By Ryan Vesce.
3:49 of 2nd period - Stopped by Adam Munro without a rebound.
3:50 of 2nd period - Blake Comeau wins face-off versus Tyler Bozak in River Rats zone.
3:55 of 2nd period - Snap shot by Rob Schremp.
3:55 of 2nd period - Shot Misses the Net.
4:58 of 2nd period - Snap shot by Tyler Bozak.
4:58 of 2nd period - Shot Misses the Net.
5:00 of 2nd period - Wrist shot by Niklas Sundstrom.
5:00 of 2nd period - Stopped by Brent Krahn with a rebound.
5:24 of 2nd period - Ryan Vesce is hit by James Van Riemsdyk and loses puck.
6:12 of 2nd period - Slapshot by Peter Mueller.
6:12 of 2nd period - Stopped by Brent Krahn with a rebound.
6:44 of 2nd period - Wrist shot by Dustin Boyd.
6:44 of 2nd period - Stopped by Brent Krahn with a rebound.
7:06 of 2nd period - Steve Quailer is hit by Noah Welch and loses puck.
7:33 of 2nd period - Slapshot by Martins Karsums.
7:33 of 2nd period - Shot Blocked by Peter Mueller.
7:45 of 2nd period - Ryan Russell is hit by Tyler Bozak and loses puck.
8:08 of 2nd period - Snap shot by Mikkel Boedker.
8:08 of 2nd period - Stopped by Brent Krahn without a rebound.
8:09 of 2nd period - Rob Schremp wins face-off versus Brett Maclean in Influenza zone.
8:11 of 2nd period - Minor Penalty to Blake Comeau for Interference.
8:12 of 2nd period - Cody McCormick wins face-off versus Dustin Boyd in Influenza zone.
9:07 of 2nd period - Snap shot by Justin Abdelkader.
9:07 of 2nd period - Shot Misses the Net.
9:10 of 2nd period - Icing by James Van Riemsdyk.
9:11 of 2nd period - Dustin Boyd wins face-off versus Cody McCormick in River Rats zone.
9:33 of 2nd period - Slapshot by Mikkel Boedker.
9:33 of 2nd period - Stopped by Brent Krahn with a rebound.
10:07 of 2nd period - Noah Welch is hit by Niklas Sundstrom and loses puck.
10:11 of 2nd period - Penalty to Blake Comeau is over, Blake Comeau is back on ice.
10:22 of 2nd period - Wrist shot by Steve Quailer.
10:22 of 2nd period - Shot Blocked by Jaime Sifers.
10:24 of 2nd period - Snap shot by Jamie Arniel.
10:24 of 2nd period - Shot Misses the Net.
10:26 of 2nd period - Slapshot by Tyler Myers.
10:26 of 2nd period - Deflect By Steve Quailer.
10:26 of 2nd period - Stopped by Brent Krahn with a rebound.
10:50 of 2nd period - Snap shot by Noah Welch.
10:50 of 2nd period - Shot Misses the Net.
11:16 of 2nd period - Wrist shot by Ryan Carter.
11:16 of 2nd period - Shot Blocked by Tyler Myers.
11:16 of 2nd period - Tyler Myers from River Rats is injured at 11:16 of 2nd period (Lower Body).
11:17 of 2nd period - Rob Schremp wins face-off versus Brett Maclean in River Rats zone.
12:26 of 2nd period - Wrist shot by Martins Karsums.
12:26 of 2nd period - Goal by Martins Karsums - Influenza : 1 - River Rats : 0.
12:27 of 2nd period - Robbie Earl wins face-off versus Tyler Bozak in neutral zone.
12:32 of 2nd period - Slapshot by Jaime Sifers.
12:32 of 2nd period - Deflect By Ryan Carter.
12:32 of 2nd period - Shot Blocked by Tyler Bozak.
12:32 of 2nd period - Puck is out of play.
12:33 of 2nd period - Ryan Carter wins face-off versus Tyler Bozak in River Rats zone.
12:40 of 2nd period - Wrist shot by Martins Karsums.
12:40 of 2nd period - Shot Blocked by Matt Jones.
12:42 of 2nd period - Snap shot by Robbie Earl.
12:42 of 2nd period - Shot Misses the Net.
12:44 of 2nd period - Wrist shot by Ryan Carter.
12:44 of 2nd period - Shot Misses the Net.
12:46 of 2nd period - Snap shot by Martins Karsums.
12:46 of 2nd period - Goal by Martins Karsums - Influenza : 2 - River Rats : 0.
12:47 of 2nd period - Tyler Bozak wins face-off versus Rob Schremp in neutral zone.
12:52 of 2nd period - Slapshot by Tyler Bozak.
12:52 of 2nd period - Goal by Tyler Bozak - Influenza : 2 - River Rats : 1.
12:53 of 2nd period - Rob Schremp wins face-off versus Tyler Bozak in neutral zone.
13:18 of 2nd period - Robbie Earl is hit by Mikkel Boedker and loses puck.
13:45 of 2nd period - Noah Welch is hit by Steve Quailer and loses puck.
14:16 of 2nd period - Slapshot by Justin Abdelkader.
14:16 of 2nd period - Stopped by Adam Munro without a rebound.
14:17 of 2nd period - Mikkel Boedker wins face-off versus Jeff Halpern in River Rats zone.
14:32 of 2nd period - Snap shot by James Van Riemsdyk.
14:32 of 2nd period - Shot Misses the Net.
14:45 of 2nd period - Icing by Blake Comeau.
14:46 of 2nd period - Tyler Bozak wins face-off versus Rob Schremp in Influenza zone.
15:11 of 2nd period - Blake Comeau is hit by Brett Maclean.
15:19 of 2nd period - Wrist shot by Justin Abdelkader.
15:19 of 2nd period - Stopped by Adam Munro with a rebound.
15:21 of 2nd period - Snap shot by Carl Gunnarsson.
15:21 of 2nd period - Stopped by Adam Munro with a rebound.
15:23 of 2nd period - Wrist shot by Blake Comeau.
15:23 of 2nd period - Stopped by Adam Munro with a rebound.
15:25 of 2nd period - Slapshot by Rob Schremp.
15:25 of 2nd period - Stopped by Adam Munro with a rebound.
15:27 of 2nd period - Snap shot by Carl Gunnarsson.
15:27 of 2nd period - Shot Misses the Net.
15:49 of 2nd period - Snap shot by Blake Comeau.
15:49 of 2nd period - Stopped by Adam Munro without a rebound.
15:50 of 2nd period - Dustin Boyd wins face-off versus Ryan Carter in River Rats zone.
17:13 of 2nd period - Slapshot by Andy Greene.
17:13 of 2nd period - Deflect By Ryan Vesce.
17:13 of 2nd period - Stopped by Brent Krahn without a rebound.
17:14 of 2nd period - Ryan Carter wins face-off versus Dustin Boyd in Influenza zone.
17:14 of 2nd period - Ryan Carter is hit by Mikkel Boedker.
17:22 of 2nd period - Dustin Boyd is hit by Martins Karsums and loses puck.
17:41 of 2nd period - Brett Maclean is hit by Rob Schremp and loses puck.
18:00 of 2nd period - Slapshot by Jaime Sifers.
18:00 of 2nd period - Shot Blocked by Matt Jones.
18:08 of 2nd period - Backhand shot by Jaime Sifers.
18:08 of 2nd period - Stopped by Adam Munro with a rebound.
18:10 of 2nd period - Slapshot by Noah Welch.
18:10 of 2nd period - Deflect By Jeff Halpern.
18:10 of 2nd period - Stopped by Adam Munro with a rebound.
18:40 of 2nd period - Wrist shot by Niklas Sundstrom.
18:40 of 2nd period - Stopped by Brent Krahn with a rebound.
19:08 of 2nd period - Sergei Kostitsyn is hit by Ryan Carter and loses puck.
19:47 of 2nd period - Snap shot by Andy Greene.
19:47 of 2nd period - Stopped by Brent Krahn with a rebound.
19:57 of 2nd period - Roman Josi is hit by Ben Smith and loses puck.
Goals for this period are 2 for Influenza vs 1 for River Rats.
Shots for this period are 12 for Influenza vs 12 for River Rats.
3rd period
0:01 of 3rd period - Tyler Bozak wins face-off versus Rob Schremp in neutral zone.
0:08 of 3rd period - Slapshot by Bryan Rodney.
0:08 of 3rd period - Stopped by Brent Krahn without a rebound.
0:09 of 3rd period - Rob Schremp wins face-off versus Tyler Bozak in Influenza zone.
0:09 of 3rd period - Rob Schremp is hit by Brett Maclean.
0:17 of 3rd period - Snap shot by Tyler Bozak.
0:17 of 3rd period - Stopped by Brent Krahn with a rebound.
0:23 of 3rd period - Matt Jones is hit by Rob Schremp and loses puck.
0:59 of 3rd period - Snap shot by Tyler Bozak.
0:59 of 3rd period - Stopped by Brent Krahn with a rebound.
1:09 of 3rd period - Snap shot by Niklas Sundstrom.
1:09 of 3rd period - Shot Misses the Net.
2:05 of 3rd period - Wrist shot by Rob Schremp.
2:05 of 3rd period - Shot Misses the Net.
2:10 of 3rd period - Icing by Niklas Sundstrom.
2:11 of 3rd period - Niklas Sundstrom wins face-off versus Ryan Carter in River Rats zone.
2:22 of 3rd period - Robbie Earl is hit by Tyler Bozak and loses puck.
2:27 of 3rd period - Wrist shot by Niklas Sundstrom.
2:27 of 3rd period - Goal by Niklas Sundstrom - Influenza : 2 - River Rats : 2.
2:28 of 3rd period - Dustin Boyd wins face-off versus Ryan Carter in neutral zone.
2:33 of 3rd period - Slapshot by Andy Greene.
2:33 of 3rd period - Deflect By Mikkel Boedker.
2:33 of 3rd period - Shot Blocked by Jamie McBain.
2:33 of 3rd period - Puck is out of play.
2:34 of 3rd period - Dustin Boyd wins face-off versus Ryan Carter in Influenza zone.
2:39 of 3rd period - Snap shot by Mikkel Boedker.
2:39 of 3rd period - Shot Misses the Net.
2:47 of 3rd period - Mikkel Boedker is hit by Ryan Carter and loses puck.
3:04 of 3rd period - Ryan Vesce is hit by Tomas Kubalik and loses puck.
3:29 of 3rd period - Roman Josi is hit by Ben Smith and loses puck.
3:37 of 3rd period - Icing by Andy Greene.
3:38 of 3rd period - Jamie Arniel wins face-off versus Ryan Carter in River Rats zone.
4:02 of 3rd period - Andy Greene is hit by Martins Karsums and loses puck.
4:11 of 3rd period - Snap shot by Dustin Boyd.
4:11 of 3rd period - Stopped by Brent Krahn without a rebound.
4:12 of 3rd period - Rob Schremp wins face-off versus Peter Mueller in Influenza zone.
4:17 of 3rd period - Rob Schremp is hit by Peter Mueller and loses puck.
4:26 of 3rd period - Snap shot by Peter Mueller.
4:26 of 3rd period - Stopped by Brent Krahn without a rebound.
4:27 of 3rd period - Tyler Bozak wins face-off versus Jeff Halpern in Influenza zone.
4:30 of 3rd period - Snap shot by Tyler Bozak.
4:30 of 3rd period - Shot Blocked by Alexander Sulzer.
4:38 of 3rd period - Snap shot by Brett Maclean.
4:38 of 3rd period - Stopped by Brent Krahn without a rebound.
4:39 of 3rd period - Rob Schremp wins face-off versus Dustin Boyd in Influenza zone.
4:39 of 3rd period - Rob Schremp is hit by James Van Riemsdyk.
4:42 of 3rd period - Minor Penalty to Justin Abdelkader for Hooking.
4:43 of 3rd period - Dustin Boyd wins face-off versus Blake Comeau in Influenza zone.
5:09 of 3rd period - Blake Comeau is hit by Sergei Kostitsyn and loses puck.
5:36 of 3rd period - Wrist shot by Ryan Carter.
5:36 of 3rd period - Stopped by Adam Munro without a rebound.
5:37 of 3rd period - Blake Comeau wins face-off versus Dustin Boyd in River Rats zone.
5:46 of 3rd period - Wrist shot by Bryan Rodney.
5:46 of 3rd period - Shot Blocked by Alexander Sulzer.
5:48 of 3rd period - Wrist shot by Peter Mueller.
5:48 of 3rd period - Stopped by Brent Krahn with a rebound.
5:50 of 3rd period - Snap shot by Sergei Kostitsyn.
5:50 of 3rd period - Shot Misses the Net.
5:52 of 3rd period - Snap shot by Sergei Kostitsyn.
5:52 of 3rd period - Deflect By Mikkel Boedker.
5:52 of 3rd period - Shot Misses the Net.
5:52 of 3rd period - Puck is out of play.
5:53 of 3rd period - Blake Comeau wins face-off versus Dustin Boyd in Influenza zone.
6:42 of 3rd period - Penalty to Justin Abdelkader is over, Justin Abdelkader is back on ice.
7:18 of 3rd period - Slapshot by Matt Jones.
7:18 of 3rd period - Stopped by Brent Krahn with a rebound.
7:28 of 3rd period - Tyler Bozak is hit by Pierre-Cédric Labrie and loses puck.
7:39 of 3rd period - Slapshot by Dustin Boyd.
7:39 of 3rd period - Shot Misses the Net.
7:48 of 3rd period - Slapshot by Ben Smith.
7:48 of 3rd period - Shot Misses the Net.
8:16 of 3rd period - Snap shot by Rob Schremp.
8:16 of 3rd period - Stopped by Adam Munro with a rebound.
8:28 of 3rd period - Jeff Halpern is hit by Chris Mcallister.
8:32 of 3rd period - Nolan Pratt is hit by Jeff Halpern and loses puck.
8:49 of 3rd period - Wrist shot by Niklas Sundstrom.
8:49 of 3rd period - Shot Misses the Net.
8:51 of 3rd period - Snap shot by Matt Jones.
8:51 of 3rd period - Stopped by Brent Krahn without a rebound.
8:52 of 3rd period - Dustin Boyd wins face-off versus Rob Schremp in Influenza zone.
9:01 of 3rd period - Slapshot by Rob Schremp.
9:01 of 3rd period - Stopped by Adam Munro with a rebound.
9:03 of 3rd period - Slapshot by Jaime Sifers.
9:03 of 3rd period - Stopped by Adam Munro without a rebound.
9:04 of 3rd period - Rob Schremp wins face-off versus Niklas Sundstrom in River Rats zone.
9:16 of 3rd period - Minor Penalty to Justin Abdelkader for Roughing.
9:17 of 3rd period - Blake Comeau wins face-off versus Dustin Boyd in Influenza zone.
10:16 of 3rd period - Snap shot by Dustin Boyd.
10:16 of 3rd period - Shot Misses the Net.
10:18 of 3rd period - Snap shot by James Van Riemsdyk.
10:18 of 3rd period - Stopped by Brent Krahn without a rebound.
10:19 of 3rd period - Blake Comeau wins face-off versus Mikkel Boedker in Influenza zone.
10:26 of 3rd period - Backhand shot by Jamie McBain.
10:26 of 3rd period - Deflect By Rob Schremp.
10:26 of 3rd period - Stopped by Adam Munro with a rebound.
10:28 of 3rd period - Snap shot by Blake Comeau.
10:28 of 3rd period - Stopped by Adam Munro with a rebound.
11:16 of 3rd period - Penalty to Justin Abdelkader is over, Justin Abdelkader is back on ice.
11:31 of 3rd period - Wrist shot by Rob Schremp.
11:31 of 3rd period - Stopped by Adam Munro without a rebound.
11:32 of 3rd period - Jamie Arniel wins face-off versus Ryan Carter in River Rats zone.
11:47 of 3rd period - Wrist shot by Jamie Arniel.
11:47 of 3rd period - Shot Blocked by Carl Gunnarsson.
12:50 of 3rd period - Slapshot by Alexander Sulzer.
12:50 of 3rd period - Stopped by Adam Munro with a rebound.
12:55 of 3rd period - Off-side.
12:56 of 3rd period - Rob Schremp wins face-off versus Tyler Bozak in neutral zone.
13:08 of 3rd period - Snap shot by Blake Comeau.
13:08 of 3rd period - Shot Misses the Net.
14:16 of 3rd period - Snap shot by Niklas Sundstrom.
14:16 of 3rd period - Shot Misses the Net.
14:23 of 3rd period - Icing by Ryan Vesce.
14:24 of 3rd period - Jamie Arniel wins face-off versus Jeff Halpern in Influenza zone.
14:29 of 3rd period - Slapshot by Mikkel Boedker.
14:29 of 3rd period - Stopped by Brent Krahn with a rebound.
14:31 of 3rd period - Slapshot by Dustin Boyd.
14:31 of 3rd period - Stopped by Brent Krahn with a rebound.
14:49 of 3rd period - Pierre-Cédric Labrie is hit by Peter Mueller and loses puck.
14:59 of 3rd period - Wrist shot by Ryan Vesce.
14:59 of 3rd period - Stopped by Adam Munro without a rebound.
15:00 of 3rd period - Brett Maclean wins face-off versus Rob Schremp in River Rats zone.
15:07 of 3rd period - Rob Schremp is hit by Andy Greene and loses puck.
15:37 of 3rd period - Snap shot by Ryan Carter.
15:37 of 3rd period - Shot Hit the Post.
16:29 of 3rd period - Rob Schremp is hit by Dustin Boyd and loses puck.
16:38 of 3rd period - Icing by Mikkel Boedker.
16:39 of 3rd period - Jeff Halpern wins face-off versus Dustin Boyd in River Rats zone.
16:46 of 3rd period - Snap shot by Ryan Vesce.
16:46 of 3rd period - Shot Blocked by James Van Riemsdyk.
16:48 of 3rd period - Slapshot by Ryan Vesce.
16:48 of 3rd period - Stopped by Adam Munro with a rebound.
16:50 of 3rd period - Snap shot by Ryan Vesce.
16:50 of 3rd period - Shot Misses the Net.
17:08 of 3rd period - Slapshot by Jamie McBain.
17:08 of 3rd period - Stopped by Adam Munro without a rebound.
17:09 of 3rd period - Rob Schremp wins face-off versus Tyler Bozak in River Rats zone.
17:34 of 3rd period - Blake Comeau is hit by Tyler Bozak and loses puck.
18:06 of 3rd period - Rob Schremp is hit by Tyler Bozak and loses puck.
18:37 of 3rd period - Snap shot by Rob Schremp.
18:37 of 3rd period - Stopped by Adam Munro with a rebound.
18:49 of 3rd period - Wrist shot by Brett Maclean.
18:49 of 3rd period - Stopped by Brent Krahn with a rebound.
18:51 of 3rd period - Wrist shot by Tyler Bozak.
18:51 of 3rd period - Shot Blocked by Alexander Sulzer.
18:53 of 3rd period - Snap shot by Brett Maclean.
18:53 of 3rd period - Stopped by Brent Krahn with a rebound.
18:55 of 3rd period - Slapshot by Roman Josi.
18:55 of 3rd period - Stopped by Brent Krahn without a rebound.
18:56 of 3rd period - Jeff Halpern wins face-off versus Peter Mueller in Influenza zone.
18:56 of 3rd period - Jeff Halpern is hit by Tomas Kubalik.
19:09 of 3rd period - Minor Penalty to Ryan Vesce for Tripping.
19:10 of 3rd period - Cody McCormick wins face-off versus Peter Mueller in Influenza zone.
19:36 of 3rd period - Bryan Rodney is hit by Noah Welch and loses puck.
Goals for this period are 0 for Influenza vs 1 for River Rats.
Shots for this period are 12 for Influenza vs 16 for River Rats.
Overtime #1
0:01 of 1st overtime period - Blake Comeau wins face-off versus Dustin Boyd in neutral zone.
0:10 of 1st overtime period - Slapshot by Jaime Sifers.
0:10 of 1st overtime period - Shot Blocked by Roman Josi.
0:50 of 1st overtime period - Snap shot by Cody McCormick.
0:50 of 1st overtime period - Shot Blocked by Andy Greene.
0:52 of 1st overtime period - Slapshot by Noah Welch.
0:52 of 1st overtime period - Stopped by Adam Munro with a rebound.
1:08 of 1st overtime period - Nolan Pratt is hit by Rob Schremp and loses puck.
1:09 of 1st overtime period - Penalty to Ryan Vesce is over, Ryan Vesce is back on ice.
1:19 of 1st overtime period - Slapshot by Rob Schremp.
1:19 of 1st overtime period - Stopped by Adam Munro with a rebound.
4:47 of 1st overtime period - Nolan Pratt is hit by Cody McCormick and loses puck.
Goals for this period are 0 for Influenza vs 0 for River Rats.
Shots for this period are 2 for Influenza vs 0 for River Rats.
ShootOut
5:00 of 1st overtime period - Penalty Shot by Blake Comeau for Influenza.
5:00 of 1st overtime period - Deke by Blake Comeau.
5:00 of 1st overtime period - Stopped by Adam Munro.
5:00 of 1st overtime period - Penalty Shot by Mikkel Boedker for River Rats.
5:00 of 1st overtime period - Snap shot by Mikkel Boedker.
5:00 of 1st overtime period - Shot Misses the Net.
5:00 of 1st overtime period - Penalty Shot by Rob Schremp for Influenza.
5:00 of 1st overtime period - Snap shot by Rob Schremp.
5:00 of 1st overtime period - Goal by Rob Schremp.
5:00 of 1st overtime period - Penalty Shot by Sergei Kostitsyn for River Rats.
5:00 of 1st overtime period - Backhand shot by Sergei Kostitsyn.
5:00 of 1st overtime period - Stopped by Brent Krahn.
5:00 of 1st overtime period - Penalty Shot by Justin Abdelkader for Influenza.
5:00 of 1st overtime period - Wrist shot by Justin Abdelkader.
5:00 of 1st overtime period - Stopped by Adam Munro.
5:00 of 1st overtime period - Penalty Shot by Peter Mueller for River Rats.
5:00 of 1st overtime period - Deke by Peter Mueller.
5:00 of 1st overtime period - Shot Misses the Net.
Output by the SimonT Hockey Simulator (STHS) for François Prévost -- Original Page W3C XHTML 1.0 Valid